 Dungeon Crawl Stone Soup version 0.30-a0-141-g30f27751c5 (webtiles) character file.

Game seed: 11025976119747369291

1418 KennySheep the Sneak (level 8, 0/65 (72) HPs)
             Began as a Naga Earth Elementalist on Sept 26, 2022.
             Was an Initiate of Vehumet.
             Slain by a wight
             ... wielding a +2 halberd
              (8 damage)
             ... on level 6 of the Dungeon.
             The game lasted 00:21:28 (7827 turns).

KennySheep the Sneak (Naga Earth Elementalist)      Turns: 7827, Time: 00:21:29

HP:   0/65 (72)     AC:  5    Str: 11    XL:     8   Next: 71%
MP:   8/12          EV:  9    Int: 18    God:    Vehumet [......]
Gold: 319           SH:  5    Dex: 11    Spells: 6/12 levels left

rFire   + . .      SeeInvis +    v - +1 dagger (distort)
rCold   + . .      Faith    .    r - +1 buckler
rNeg    . . .      Spirit   .    a - +0 robe
rPois   +          Reflect  .    p - +0 helmet
rElec   .          Harm     .    b - scarf {rC+ rF+}
rCorr   .          Rampage  .    z - +0 pair of gloves
Will    +....                    (no barding)
Stlth   +++.......               g - amulet of the acrobat
HPRegen 0.20/turn                (no ring)
MPRegen 0.13/turn                (no ring)

@: drained, very slow
A: AC +2, large, see invisible, deformed body, poison resistance, slowness 2,
spit poison 1, naga tail 1
a: Spit Poison, Renounce Religion


You were on level 6 of the Dungeon.
You worshipped Vehumet.
Vehumet was noncommittal.
You visited 2 branches of the dungeon, and saw 8 of its levels.

You collected 345 gold pieces.
You spent 26 gold pieces at shops.

Inventory:

Hand Weapons
 v - a +1 dagger of distortion (weapon)
Armour
 a - a +0 robe (worn)
 b - a scarf of resistance (worn)
 p - a +0 helmet (worn)
 r - a +1 buckler (worn)
 z - a +0 pair of gloves (worn)
Jewellery
 g - an amulet of the acrobat (around neck)
 s - a ring of protection from cold
Wands
 i - a wand of roots (24)
Scrolls
 c - 4 scrolls of noise
 d - 3 scrolls of silence
 e - a scroll of vulnerability
 f - a scroll of brand weapon
 k - 3 scrolls of poison
 o - a scroll of teleportation
 q - a scroll of enchant armour
 u - a scroll of magic mapping {unknown}
 y - a scroll of amnesia
Potions
 h - a potion of brilliance
 j - 2 potions of haste {unknown}
 l - 2 potions of attraction
 m - a potion of magic
 n - 4 potions of curing
 t - a potion of invisibility {unknown}
 w - a potion of degeneration {unknown}


   Skills:
 + Level 3.8 Fighting
 * Level 4.7 Short Blades
 - Level 1.9 Dodging
 + Level 6.9 Stealth
 - Level 4.1 Shields
 - Level 2.6 Spellcasting
 - Level 2.6 Conjurations
 - Level 2.3 Transmutations
 - Level 4.1 Earth Magic


You had 6 spell levels left.
You knew the following spells:

 Your Spells              Type           Power      Damage    Failure   Level
a - Sandblast             Erth           34%        2d9       3%          1
c - Stone Arrow           Conj/Erth      28%        3d8       16%         3
z - Passwall              Tmut/Erth      11%        N/A       9%          2

Your spell library contained the following spells:

 Spells                   Type           Power      Damage    Failure   Level
 Wereblood                Tmut           10%        N/A       12%         2
 Sublimation of Blood     Necr           2%         N/A       32%         2
 Petrify                  Tmut/Erth      14%        N/A       50%         4
 Call Canine Familiar     Summ           2%         N/A       54%         3
 Portal Projectile        Hex/Tloc       4%         N/A       54%         3
 Leda's Liquefaction      Hex/Erth       4%         N/A       65%         4
 Summon Hydra             Summ           1%         N/A       100%        7


Dungeon Overview and Level Annotations

Branches:
Dungeon (7/15)             Temple (1/1) D:4

Altars:
Ashenzari
Cheibriados
Dithmenos
Elyvilon
Fedhas
Gozag
Hepliaklqana
Kikubaaqudgha
Makhleb
Nemelex Xobeh
Okawaru
Qazlal
Ru
Sif Muna
Trog
Uskayaw
Vehumet
Wu Jian
Yredelemnul
Zin
The Shining One

Shops:
D:1 ?

Annotations:
D:4 7 runed translucent doors, lunkers's ghost, amateur MeEE
D:6 exclusion: two-headed ogre


Innate Abilities, Weirdness & Mutations

Your serpentine skin is tough. (AC +2)
You have supernaturally acute eyesight. (SInv)
Armour fits poorly on your strangely shaped body.
Your system is resistant to poisons. (rPois)
You cover ground very slowly.
You can spit poison.
You have a snake-like lower body.


Message History

Press: ? - help, Q - select action, (/) - cycle Shift-Dir - straight line, f - wight
Aim: a wight, wielding a +2 halberd and wearing a +0 robe (wandering, hasn't noticed you, 82% to hit)
The blast of sand hits the wight.
The wight is moderately damaged.
Aiming: Sandblast (safe; 3% risk of failure)
Press: ? - help, Q - select action, (/) - cycle Shift-Dir - straight line, f/p - wight
Aim: a wight, wielding a +2 halberd and wearing a +0 robe (moderately damaged, 82% to hit)
The blast of sand hits the wight but does no damage.
The wight is moderately damaged.
The wight closely misses you.
Aiming: Sandblast (safe; 3% risk of failure)
Press: ? - help, Q - select action, (/) - cycle Shift-Dir - straight line, f/p - wight
Aim: a wight, wielding a +2 halberd and wearing a +0 robe (moderately damaged, 82% to hit)
The blast of sand hits the wight.
The wight is moderately damaged.
The wight hits you from afar with a +2 halberd! x2
The iguana attacks as you move away! The iguana closely misses you.
You see here 4 stones.
The iguana bites you.
Casting: Sandblast (safe; 3% risk of failure)
Confirm with . or Enter, or press ? or * to list all spells.
Aiming: Passwall (safe; 9% risk of failure)
Press: ? - help, Dir - move target, p - wight A rock wall.
The iguana bites you!
The wight hits you from afar with a +2 halberd!
* * * LOW HITPOINT WARNING * * *
You feel drained.
* * * LOW HITPOINT WARNING * * *
You begin to meditate on the wall.
You continue meditating on the rock.
You block the iguana's attack.
The wight hits you from afar with a +2 halberd.
* * * LOW HITPOINT WARNING * * *
You continue meditating on the rock.
The wight hits you from afar with a +2 halberd.
* * * LOW HITPOINT WARNING * * *
You feel drained. You block the iguana's attack.
You continue meditating on the rock.
The wight hits you from afar with a +2 halberd!
You die...

...........# #......##.###.#.
...........# #.#'#####.##....
...(.....#.# #.#........#....
......l.##.##### #.#........#....
....>.z.)......# #.#.............
.#....####..##.# #.#.............
#.).. ###'### #.#.............
#...## #.....####.##........#..#
#.).#..#..#..#l@..##........#..#
.....#..+.#.#.z.############.#..#
###z.#.##..#..##############.##.#
#... #.....#.................# #.
###'###################.# .. #..
...#....# #.....# # ###
#.#....######.#####
#......'....>.# #
##########....#....############


You could see an iguana and a wight.

Vanquished Creatures
  A black bear (D:5)
  2 ice beasts (D:5)
  An orc warrior (D:4)
  2 ogres
  2 centaurs
  3 scorpions
  A howler monkey (D:4)
  3 hounds
  2 jellies
  2 iguanas
  Ijyb (D:5)
  3 orc wizards
  A gnoll (D:4)
  3 adders
  2 shadow imps
  An ufetubus (D:5)
  A worm (D:2)
  3 dart slugs
  10 orcs
  4 ball pythons
  3 endoplasms
  5 giant cockroaches
  7 goblins
  8 hobgoblins
  7 jackals
  4 quokkas
  8 bats
  3 frilled lizards
  10 kobolds
  6 rats
109 creatures vanquished.

Notes
Turn   | Place    | Note
-------+----------+-------------------------------------------
     0 | D:1      | KennySheep the Naga Earth Elementalist began the quest for
                  | the Orb.
     0 | D:1      | Reached XP level 1. HP: 15/15 MP: 3/3
   366 | D:1      | Reached XP level 2. HP: 22/22 MP: 3/5
   369 | D:1      | Learned a level 2 spell: Passwall
   909 | D:1      | Found Ygeashou's Magic Scroll Shoppe.
  1164 | D:1      | Bought a scroll of identify for 26 gold pieces
  1533 | D:1      | Reached XP level 3. HP: 30/30 MP: 3/6
  1772 | D:2      | Reached skill level 1 in Conjurations
  1915 | D:2      | Learned a level 3 spell: Stone Arrow
  1925 | D:2      | Reached skill level 1 in Fighting
  2174 | D:2      | Reached XP level 4. HP: 38/38 MP: 5/7
  3544 | D:4      | Found a staircase to the Ecumenical Temple.
  3562 | Temple   | Entered the Ecumenical Temple
  3807 | Temple   | Became a worshipper of Vehumet
  3859 | D:4      | Reached XP level 5. HP: 44/44 MP: 4/8
  4226 | D:4      | Reached skill level 1 in Shields
  4268 | D:4      | Found a large runed translucent door.
  4268 | D:4      | Found a large runed translucent door.
  4278 | D:4      | Reached skill level 4 in Stealth
  4278 | D:4      | Reached XP level 6. HP: 43/51 MP: 5/9
  4338 | D:4      | Noticed an orc warrior
  4356 | D:4      | Killed an orc warrior
  4429 | D:4      | Noticed an ice beast
  4429 | D:4      | Noticed a yak
  4527 | D:4      | Reached skill level 1 in Short Blades
  4527 | D:4      | Reached XP level 7. HP: 59/60 MP: 11/11
  4631 | D:4      | Found a runed translucent gate.
  4631 | D:4      | Found a runed translucent gate.
  4631 | D:4      | Found a runed translucent gate.
  4632 | D:4      | Noticed lunkers's ghost (amateur MeEE)
  4677 | D:4      | Identified the +11 dagger of the Spectre {antimagic, rElec
                  | rC+ rCorr}
  4719 | D:4      | Found a large runed translucent door.
  4719 | D:4      | Found a large runed translucent door.
  5042 | D:5      | Entered Level 5 of the Dungeon
  5147 | D:5      | Found a sacrificial altar of Ru.
  5154 | D:5      | Reached skill level 5 in Stealth
  5693 | D:5      | Reached XP level 8. HP: 36/68 MP: 3/12
  6001 | D:5      | Noticed Ijyb
  6003 | D:5      | Killed Ijyb
  6113 | D:5      | Reached skill level 6 in Stealth
  6821 | D:6      | Noticed a two-headed ogre
  7241 | D:7      | Noticed a kobold demonologist
  7827 | D:6      | Slain by a wight

Illustrated notes

Levels and vault maps discovered:
D:1:      co_arrival_square_in_a_square_in_a_square, layout_basic, serial_shops,
          nicolae_shop_hallway_plus, minmay_misc_feat_tower
D:2:      layout_basic, minmay_stone_trees_medium, minmay_tromino_mix6
D:3:      layout_basic
D:4:      layout_rooms, minmay_temple_entry_sparse_star,
          ebering_ghost_rock_garden, hex_medium, hangedman_decor_push,
          minmay_hollow_rounded_squares
D:5:      layout_loops_ring, nicolae_ru_great_annihilating_truth, uniq_ijyb,
          uniq_crazy_yiuf_cottage
D:6:      layout_basic, minmay_misc_feat_cross, kennysheep_generic_room_13
D:7:      layout_rooms
Temple:   nicolae_temple_slightly_damp_pantheon

Skill      XL: |  1  2  3  4  5  6  7  8 |
---------------+-------------------------+-----
Conjurations   | 1 2 |  2.6
Fighting       | 1 2 3 |  3.8
Shields        | 1 2 3 4 |  4.1
Transmutations | 2 |  2.3
Stealth        | 4 5 6 |  6.9
Earth Magic    | 4 |  4.1
Short Blades   | 1 3 4 |  4.7
Dodging        | |  1.9
Spellcasting   | |  2.6

Action                   |  1- 3 |  4- 6 |  7- 9 || total
-------------------------+-------+-------+-------++-------
Melee: Unarmed           |     2 |       |       ||     2
       Short sword       |     2 |       |       ||     2
       Dagger            |       |    11 |    30 ||    41
 Cast: Sandblast         |    56 |    57 |    84 ||   197
       Passwall          |       |     2 |    10 ||    12
 Abil: Spit Poison       |     2 |     4 |     3 ||     9
  Use: Scroll            |     2 |     3 |     4 ||     9
       Potion            |     1 |     1 |     2 ||     4
 Stab: Sleeping          |       |     2 |     6 ||     8
Armor: Robe              |     6 |    13 |    26 ||    45
Dodge: Dodged            |    26 |    14 |    71 ||   111
Block: Buckler           |       |     2 |    20 ||    22

Table legend: (Time is in decaauts)
 A = Elapsed time spent in this place.
 B = Non-inter-level travel time spent in this place.
 C = Inter-level travel time spent in this place.
 D = Time resting spent in this place.
 E = Time spent auto-exploring this place.
 F = Levels seen in this place.
 G = Mean time per level.
                   A        B        C        D        E       F      G
               +--------+--------+--------+--------+--------+-----+--------+
         Total |   9662 |   9271 |    391 |   2198 |   5878 |   8 | 1207.8 |
       Dungeon |   9326 |   8984 |    342 |   2198 |   5621 |   7 | 1332.3 |
        Temple |    336 |    287 |     49 |      0 |    256 |   1 |  336.0 |
               +--------+--------+--------+--------+--------+-----+--------+

Top non-repeatable levels by time:
     D:5: 1977 daAuts
     D:1: 1976 daAuts
     D:4: 1523 daAuts
     D:6: 1365 daAuts
     D:3: 1316 daAuts
     D:2: 1164 daAuts
  Temple: 336 daAuts
     D:7: 1 daAuts
